 Dungeon Crawl Stone Soup version 0.20-a0-681-gf83e07f (webtiles) character file.

56 polly the Slasher (level 3, -2/27 HPs)
             Began as a Demonspawn Gladiator on Feb 18, 2017.
             Slain by terra52's ghost (14 damage)
             ... on level 3 of the Dungeon.
             The game lasted 00:01:40 (1368 turns).

polly the Slasher (Demonspawn Gladiator)            Turns: 1368, Time: 00:01:41

Health: -2/27      AC:  6    Str: 20    XL:     3   Next: 71%
Magic:  3/3        EV: 13    Int:  9    God:
Gold:   89         SH:  0    Dex: 14    Spells: 2/2 levels left

rFire    . . .     SeeInvis .   a - +0 long sword
rCold    . . .     Gourm    .   b - +0 leather armour
rNeg     . . .     Faith    .   (no shield)
rPois    .         Spirit   .   c - +0 helmet
rElec    .         Reflect  .   (no cloak)
rCorr    .         Harm     .   (no gloves)
MR       .....                  (no boots)
Stlth    +.........             (no amulet)
Regen    0.1/turn               (no ring)
MPRegen  0.1/turn               (no ring)

@: mighty
A: talons 1, yellow scales 1
a: no special abilities


You were on level 3 of the Dungeon.
You were hungry.

You visited 1 branch of the dungeon, and saw 3 of its levels.

You collected 89 gold pieces.

Inventory:

Hand Weapons
 a - a +0 long sword (weapon)
Missiles
 d - 3 throwing nets (quivered)
Armour
 b - a +0 leather armour (worn)
 c - a +0 helmet (worn)
Wands
 s - a wand of flame (21/48)
 u - a wand of disintegration (14/24)
Scrolls
 e - 3 scrolls of fog {unknown}
 h - 3 scrolls of remove curse {unknown}
 i - a scroll of noise {unknown}
 k - a scroll of blinking {unknown}
 l - a scroll of teleportation {unknown}
 n - a scroll of fear {unknown}
 o - a scroll of enchant weapon {unknown}
 q - a scroll of magic mapping {unknown}
Potions
 g - a potion of curing {unknown}
 m - a potion of magic {unknown}
 r - a potion of might
 t - a potion of ambrosia {unknown}
Comestibles
 f - 3 bread rations
 p - a royal jelly


   Skills:
 + Level 2.2 Fighting
 + Level 3.5 Long Blades
 + Level 2.0 Throwing
 + Level 0.6 Armour
 + Level 3.1 Dodging
 + Level 0.2 Stealth


You had 2 spell levels left.
You didn't know any spells.

Dungeon Overview and Level Annotations

Branches:
Dungeon (3/15)

Altars:

Annotations:
D:3 terra52's ghost, amateur FoFi


Innate Abilities, Weirdness & Mutations

You have sharp toenails.
You are partially covered in yellow scales. (AC +2)


Message History

The bat misses you. The bat misses you. Terra52's ghost hits you!
* * * LOW HITPOINT WARNING * * *
It was a potion of might.
You feel very mighty all of a sudden.
The quokka bites you but does no damage.
Terra52's ghost hits you.
* * * LOW HITPOINT WARNING * * *
It was a potion of heal wounds.
You feel much better. The quokka misses you.
You riposte.
You closely miss the quokka. You claw the quokka.
You kill the quokka!
Terra52's ghost hits you!
You slash terra52's ghost!
Terra52's ghost is moderately damaged.
The bat barely misses you. The bat closely misses you.
You riposte.
You slash the bat!
You kill the bat!
Terra52's ghost hits you!
Ouch! That really hurt!
You die...

#.######.#.......#
.(.........###########
...#####............<#
..)#####...###########
...........##
...##....#..#
.........#..#
##.......#..##
#....####.@.# ......
#W#†# ##....
#.........+ .....
###s.####.# ..(.. ....
#### ..... .....##
...... .......#


You could see terra52's ghost and a giant cockroach (wandering).

Vanquished Creatures
  3 dart slugs
  A leopard gecko (D:1)
  A ball python (D:1)
  2 giant cockroaches
  6 goblins
  5 hobgoblins
  9 kobolds
  A quokka (D:3)
  5 bats
  5 frilled lizards
  8 rats
46 creatures vanquished.

Notes
Turn   | Place    | Note
-------+----------+-------------------------------------------
     0 | D:1      | polly the Demonspawn Gladiator began the quest for the Orb.
     0 | D:1      | Reached XP level 1. HP: 16/16 MP: 1/1
   102 | D:1      | Gained mutation: You have sharp toenails. [demonic ancestry]
   102 | D:1      | Reached XP level 2. HP: 18/22 MP: 2/2
   582 | D:1      | Gained mutation: You are partially covered in yellow scales. (AC +2) [demonic ancestry]
   582 | D:1      | Reached XP level 3. HP: 20/27 MP: 3/3
  1360 | D:3      | Noticed terra52's ghost (amateur FoFi)
  1368 | D:3      | Slain by terra52's ghost

Vault maps used:
D:1:      tarquinn_simple_flora_water_a, minmay_tiny_reverse_x
D:2:      serial_glass, glass_columns_a, glass_columns_c, first_bread
D:3:      nicolae_overflow_crystal_walls, lemuel_round_altar, uniq_iyjb

Skill      XL: |  1  2 |
---------------+-------+-----
Long Blades    | 3 |  3.5
Throwing       | 2 |  2.0
Dodging        | 3 |  3.1
Fighting       | |  2.2
Armour         | |  0.6
Stealth        | |  0.2

Action                   || total
-------------------------++-------
Melee: Long sword        ||   104
       Kick              ||    23
  Use: Potion            ||     2
  Eat: Chunk             ||     1
Armor: Leather armour    ||    34
Dodge: Dodged            ||    77
       Rpst.: Long sword ||    17
